 Dungeon Crawl Stone Soup version 0.20.1-1-g8b1a95d (webtiles) character file.

154 rrRat the Skirmisher (level 5, -1/47 HPs)
             Began as a Draconian Berserker on Nov 2, 2017.
             Was a Priest of Trog.
             Slain by an orc wizard
             ... wielding a +0 dagger
              (3 damage)
             ... on level 3 of the Dungeon.
             The game lasted 00:08:34 (2087 turns).

rrRat the Skirmisher (Draconian Berserker)          Turns: 2087, Time: 00:08:35

Health: -1/47      AC:  5    Str: 20    XL:     5   Next: 13%
Magic:  14/14      EV: 13    Int:  8    God:    Trog [***...]
Gold:   163        SH:  0    Dex: 12    Spells: 4/4 levels left

rFire    . . .     SeeInvis .   a - +0 falchion
rCold    . . .     Gourm    .   (no shield)
rNeg     . . .     Faith    .   (armour unavailable)
rPois    .         Spirit   .   (helmet restricted)
rElec    .         Reflect  .   (no cloak)
rCorr    .         Harm     .   (no gloves)
MR       .....                  (no boots)
Stlth    ++........             (no amulet)
Regen    0.2/turn               h - ring of magical power
MPRegen  0.2/turn               i - +2 ring of dexterity

@: no status effects
A: unfitting armour, cold-blooded, AC +5
a: Berserk, Trog's Hand, Burn Spellbooks, Renounce Religion


You were on level 3 of the Dungeon.
You worshipped Trog.
Trog was most pleased with you.
You were not hungry.

You visited 1 branch of the dungeon, and saw 3 of its levels.

You collected 163 gold pieces.

Inventory:

Hand Weapons
 a - a +0 falchion (weapon)
Missiles
 d - 3 poisoned javelins (quivered)
Jewellery
 h - a ring of magical power (left hand)
 i - a +2 ring of dexterity (right hand)
Scrolls
 e - a scroll of magic mapping {unknown}
 f - a scroll of identify {unknown}
 g - a scroll of blinking {unknown}
 o - a scroll of teleportation {unknown}
Potions
 l - a potion of might {unknown}
 m - a potion of curing {unknown}
 n - a potion of agility
Comestibles
 b - 2 bread rations
 j - 3 fruits
 k - 3 meat rations


   Skills:
 * Level 4.4 Fighting
 * Level 4.3 Long Blades
 + Level 3.4 Dodging
 * Level 1.1 Stealth


You had 4 spell levels left.
You didn't know any spells.

Dungeon Overview and Level Annotations

Branches:
Dungeon (3/15)

Altars:
Dithmenos
Kikubaaqudgha


Innate Abilities, Weirdness & Mutations

Your plain brown scales are hard. (AC +5)
You cannot fit into any form of body armour.
You are cold-blooded and may be slowed by cold attacks.


Message History

The orc wizard shouts!
You hear some strange, mumbled words.
Something tries to affect you, but you resist.
The orc hits you with a short sword.
* * * LOW HITPOINT WARNING * * *
You completely miss something.
You hear some strange, mumbled words.
Something tries to affect you, but you resist.
The orc hits you but does no damage.
It was a potion of magic.
Magic courses through your body. Something hits you but does no damage.
The orc wizard barely misses you.
You riposte.
You barely miss the orc wizard. The orc hits you with a short sword.
* * * LOW HITPOINT WARNING * * *
You hit something. Something hits you.
* * * LOW HITPOINT WARNING * * *
The orc wizard closely misses you.
You riposte.
You barely miss the orc wizard.
You tail-slap the orc wizard, but do no damage.
The orc hits you but does no damage.
You barely miss something. You tail-slap something. Something hits you.
You die...

#.##............# #.#.#.#.##
#.##............# #.#.#.#.##
#.##......##....####.#...#.##
#.####....##.........#####...
#.# #####.##....###†††..##..#
#.# #...#.##.................
#.# #...#.####.####.#.#.....#
#.###...#.####.####.#.#.....#
#...)......o@..#....#.#.....#
#####...#.#o{.>..............
#...#)#.......#...####..#
#####o#.......#.### #...
#.###........ .... .!.
#......... #... ...
#.......... #...
................ #..
....##...........#


You could see an orc wizard and an orc.

Vanquished Creatures
  An orc wizard (D:3)
  3 adders
  2 oozes (D:2)
  3 worms (D:2)
  3 dart slugs
  3 leopard geckos
  5 orcs (D:3)
  4 ball pythons
  4 giant cockroaches
  4 goblins (D:1)
  7 hobgoblins
  8 jackals
  5 kobolds
  6 bats
  6 frilled lizards
  8 rats
72 creatures vanquished.

Notes
Turn   | Place    | Note
-------+----------+-------------------------------------------
     0 | D:1      | rrRat the Draconian Berserker began the quest for the Orb.
     0 | D:1      | Reached XP level 1. HP: 19/19 MP: 1/1
   190 | D:1      | Reached XP level 2. HP: 22/26 MP: 2/2
   495 | D:1      | Reached ** piety under Trog
   614 | D:1      | Reached XP level 3. HP: 28/33 MP: 3/3
  1149 | D:2      | Found an ancient bone altar of Kikubaaqudgha.
  1332 | D:2      | Reached XP level 4. HP: 32/40 MP: 4/4
  1677 | D:3      | Reached skill level 1 in Stealth
  1861 | D:3      | Reached *** piety under Trog
  1893 | D:3      | Found a shadowy altar of Dithmenos.
  2059 | D:3      | Reached XP level 5. HP: 45/47 MP: 5/5
  2086 | D:3      | HP: 1/47 [something (5)]
  2087 | D:3      | Slain by an orc wizard

Skill      XL: |  1  2  3  4 |
---------------+-------------+-----
Dodging        | 3 |  3.4
Fighting       | 4 |  4.4
Stealth        | 1 |  1.1
Long Blades    | 4 |  4.3

Action                   |  1- 3 |  4- 6 || total
-------------------------+-------+-------++-------
Melee: Falchion          |   110 |    99 ||   209
       Tailslap          |    16 |    15 ||    31
Throw: Javelin           |     1 |       ||     1
  Use: Potion            |       |     1 ||     1
 Stab: Sleeping          |       |     2 ||     2
  Eat: Chunk             |     1 |     3 ||     4
Armor: Skin              |    44 |    29 ||    73
Dodge: Dodged            |    79 |    79 ||   158
       Rpst.: Falchion   |    31 |    28 ||    59
